 Dungeon Crawl Stone Soup version 0.32-a0-933-ga8fa3634e4 (webtiles) character file.

Game seed: 968864539846608811

223014 Autsider the Severer (level 18, 0/170 HPs)
             Began as a Minotaur Fighter on Apr 14, 2024.
             Was a High Priest of Okawaru.
             Slain by a +1 glaive of freezing (9 damage)
             ... animated by Zenata
             ... on level 1 of the Vaults.
             The game lasted 01:25:47 (30621 turns).

Autsider the Severer (Minotaur Fighter)            Turns: 30621, Time: 01:25:48

Health: 0/170      AC: 32    Str: 32    XL:     18   Next: 11%
Magic:  25/25      EV:  7    Int: 11    God:    Okawaru [*****.]
Gold:   315        SH: 22    Dex: 21    Spells: 17/17 levels left

rFire   . . .        u - +7 broad axe (freeze)
rCold   + + .        Z - +2 kite shield {AC+3}
rNeg    + + +        y - +7 plate armour "Luebbi Game" {rPois rC+ Regen+ Stlth+}
rPois   +            (helmet restricted)
rElec   .            U - scarf {repulsion}
rCorr   +            g - +0 pair of gloves
SInv    .            L - +1 pair of boots of Tipadghin {rPois rC+ Str+3 Dex+2}
Will    +++..        l - amulet "Putrua" {Reflect rCorr Int-2 Dex+7 SH+5 Stlth-} Stlth
                     R - ring of Duatasm {rN++ Will++ Int+6}
HPRegen 1.28/turn    a - ring "Zoukkele" {rN+ Str+2 Int+2 Slay+4}
MPRegen 0.19/turn

%: repel missiles, reflection
@: lethally poisoned (0 -> -2), about to teleport
A: horns 2, retaliatory headbutt
}: 2/15 runes: decaying, serpentine
a: Renounce Religion, Heroism, Finesse, Duel


You were on level 1 of the Vaults.
You worshipped Okawaru.
Okawaru was extremely pleased with you.
You visited 7 branches of the dungeon, and saw 31 of its levels.
You also visited: Sewer, Gauntlet and Volcano.

You collected 3247 gold pieces.
You spent 2932 gold pieces at shops.

Inventory:

Hand Weapons
 u - a +7 broad axe of freezing (weapon)
Missiles
 r - 4 throwing nets
 t - 5 curare-tipped darts
 x - 27 boomerangs
 F - 14 atropa-tipped darts
 N - 10 silver javelins (quivered)
 P - 9 datura-tipped darts
Armour
 c - a +0 tower shield
 g - a +0 pair of gloves (worn)
 y - the +7 plate armour "Luebbi Game" (worn) {rPois rC+ Regen+ Stlth+}
   (Okawaru gifted it to you on level 1 of the Orcish Mines)

   rC+:       It protects you from cold.
   rPois:     It protects you from poison.
   Regen+:    It increases your rate of health regeneration.
   Stlth+:    It makes you more stealthy.
 L - the +1 pair of boots of Tipadghin (worn) {rPois rC+ Str+3 Dex+2}
   (You bought it in a shop on level 4 of the Snake Pit)

   Str+3:     It affects your strength (+3).
   Dex+2:     It affects your dexterity (+2).
   rC+:       It protects you from cold.
   rPois:     It protects you from poison.
 O - a +2 chain mail of fire resistance
 U - a scarf of repulsion (worn)
 Z - a +2 kite shield of protection (worn)
Jewellery
 a - the ring "Zoukkele" (right hand) {rN+ Str+2 Int+2 Slay+4}
   (You bought it in a shop on level 2 of the Orcish Mines)

   [ring of slaying]

   Str+2:     It affects your strength (+2).
   Int+2:     It affects your intelligence (+2).
   Slay+4:    It affects your accuracy & damage with ranged weapons and melee
   (+4).
   rN+:       It protects you from negative energy.
 l - the amulet "Putrua" (around neck) {Reflect rCorr Int-2 Dex+7 SH+5 Stlth-}
   (You found it on level 2 of the Dungeon)

   [amulet of reflection]

   Reflect:   It reflects blocked missile attacks.
   Int-2:     It affects your intelligence (-2).
   Dex+7:     It affects your dexterity (+7).
   rCorr:     It protects you from acid and corrosion.
   SH+5:      It affects your SH (+5).
   Stlth-:    It makes you less stealthy.
 H - a ring of resist corrosion
 R - the ring of Duatasm (left hand) {rN++ Will++ Int+6}
   (You took it off a minotaur in a Gauntlet)

   [ring of intelligence]

   Int+6:     It affects your intelligence (+6).
   rN++:      It greatly protects you from negative energy.
   Will++:    It greatly increases your willpower.
 V - a ring of see invisible
 X - a ring of protection from fire
Wands
 b - a wand of polymorph (11)
 n - a wand of iceblast (7)
 D - a wand of flame (41)
 E - a wand of paralysis (22)
 G - a wand of light (20)
 S - a wand of digging (7)
 Y - a wand of mindburst (20)
Scrolls
 f - 8 scrolls of fear
 h - 2 scrolls of immolation
 j - 3 scrolls of silence
 m - 2 scrolls of torment
 z - 2 scrolls of vulnerability
 B - 4 scrolls of fog
 C - 7 scrolls of teleportation {@r2}
 M - a scroll of acquirement
 Q - 2 scrolls of enchant armour
Potions
 d - 8 potions of might
 e - 7 potions of curing {@q1}
 i - 3 potions of resistance
 k - 4 potions of mutation
 o - 5 potions of lignification
 p - a potion of invisibility
 s - a potion of cancellation
 v - 3 potions of heal wounds {@q2}
 w - 2 potions of enlightenment
 A - 2 potions of ambrosia
 J - 9 potions of haste
 K - 2 potions of berserk rage
Miscellaneous
 I - a phial of floods
 T - a lightning rod (4/4)
 W - a tin of tremorstones (2/2)


   Skills:
 + Level 17.5 Fighting
 - Level 18.0 Axes
 - Level 10.0 Throwing
 + Level 17.4 Armour
 + Level 17.4 Shields
 + Level 11.8 Invocations
 - Level 8.0 Evocations


You had 17 spell levels left.
You didn't know any spells.
Your spell library contained the following spells:

 Spells                   Type           Power      Damage    Failure   Level
 Cigotuvi's Dreadful Rot  Necr/Alch/Air  0%         N/A       96%         2
 Ensorcelled Hibernation  Hex/Ice        0%         N/A       96%         2
 Sublimation of Blood     Necr           0%         N/A       96%         2
 Fugue of the Fallen      Necr           0%         N/A       99%         3
 Hailstorm                Conj/Ice       0%         3d5       99%         3
 Inner Flame              Hex/Fire       0%         N/A       99%         3
 Teleport Other           Tloc           0%         N/A       99%         3
 Anguish                  Hex/Necr       0%         N/A       100%        4
 Dispel Undead            Necr           0%         3d6       100%        4
 Flame Wave               Conj/Fire      0%         2d4       100%        4
 Ignite Poison            Fire/Alch      0%         N/A       100%        4
 Sticky Flame             Fire/Alch      0%         2d4       100%        4
 Freezing Cloud           Conj/Ice/Air   0%         6-21      100%        5
 Dispersal                Tloc           0%         N/A       100%        6
 Gell's Gavotte           Tloc           0%         2d(11-16) 100%        6
 Permafrost Eruption      Ice/Erth       0%         2x4d1     100%        6
 Call Imp                 Summ           Unusable   N/A       N/A         2
 Summon Ice Beast         Ice/Summ       Unusable   N/A       N/A         3
 Martyr's Knell           Necr/Summ      Unusable   N/A       N/A         4
 Sculpt Simulacrum        Ice/Alch       Unusable   N/A       N/A         6
 Summon Hydra             Summ           Unusable   N/A       N/A         7

Dungeon Overview and Level Annotations

Branches:
Dungeon (15/15)            Temple (1/1) D:7            Lair (4/5) D:8
  Swamp (4/4) Lair:3        Snake (4/4) Lair:2          Orc (2/2) D:10
    Elf (0/3) Orc:2        Vaults (1/5) D:13         Depths (0/4) D:15
  Sewer (visited)         Volcano (visited)         Gauntlet (visited)
  Slime: Lair:4-5

Altars:
Ashenzari
Cheibriados
Dithmenos
Elyvilon
Fedhas
Gozag
Hepliaklqana
Kikubaaqudgha
Makhleb
Nemelex Xobeh
Okawaru
Qazlal
Ru
Sif Muna
Trog
Uskayaw
Vehumet
Wu Jian
Xom
Yredelemnul
Zin
The Shining One

Shops:
D:6 *   D:10 !   D:13 =   D:14 =   Orc:2 (*=[   Snake:3 ?*?   Snake:4 [

Annotations:
D:3 exclusion: downstairs
Orc:1 3 runed translucent doors, Vupaekk's ghost, journeyman DsEE
Vaults:1 Zenata


Innate Abilities, Weirdness & Mutations

You have a pair of horns on your head.
You reflexively headbutt those who attack you in melee.


Message History

You headbutt the +4 war axe of draining!
Items here: )))) [[[[[ ††††.
The +1 short sword of venom attacks as it pursues you!
You block the +1 short sword of venom's attack.
You block the +4 war axe of draining's attack.
You block the +1 glaive of freezing's attack.
The +1 short sword of venom hits you.
* * * LOW HITPOINT WARNING * * *
You are poisoned.
The +4 war axe of draining hits you but does no damage.
The +1 glaive of freezing hits you from afar.
* * * LOW HITPOINT WARNING * * *
The +1 short sword of venom hits you but does no damage.
Items here: ) [[[ ††††.
As you read the scroll of teleportation {@r2}, it crumbles to dust.
You feel strangely unstable.
You feel very sick.
You block the +1 short sword of venom's attack.
The +4 war axe of draining hits you!
* * * LOW HITPOINT WARNING * * *
You block the +1 short sword of venom's attack.
The +1 glaive of freezing hits you but does no damage.
The +4 war axe of draining hits you but does no damage.
You block the +1 short sword of venom's attack.
The +1 glaive of freezing hits you but does no damage.
You feel better.
You block the +1 short sword of venom's attack.
You block the +4 war axe of draining's attack.
You block the +1 short sword of venom's attack.
The +4 war axe of draining hits you.
* * * LOW HITPOINT WARNING * * *
The +1 glaive of freezing hits you but does no damage.
Zenata gestures at you while chanting.
A blast of power from the earth and the adjacent constructs strikes you!
* * * LOW HITPOINT WARNING * * *
The +1 short sword of venom hits you.
* * * LOW HITPOINT WARNING * * *
You are poisoned.
The +1 glaive of freezing hits you from afar!
You die...

#....((...#
######'#### #.....#
##...## #.....#
###a### #.†(..#
##(..## #@((..#
#######+#####
#.......##
##....####.## ##...
..##.##
#...###+##.##.########
#...##...##.#.#......#
#..##...).##..'......#
#..##..∩).##..#......#


You could see Zenata and 4 dancing weapons.

Vanquished Creatures
  Mara (Swamp:4)
  the Lernaean hydra (Swamp:4)
  A tentacled monstrosity (Swamp:4)
  Mlioglotl (Swamp:3)
  Asterion (Snake:4)
  Kirke (Lair:3)
  7 nagarajas
  Donald (Swamp:3)
  A fenstrider witch (Swamp:3)
  3 vault wardens (Vaults:1)
  2 ironbound preservers (Vaults:1)
  A stone giant (D:15)
  Louise (Snake:4)
  5 ghouls
  A quicksilver ooze (Gauntlet)
  The ghost of Konar the Warrior, a journeyman CoHu of Hepliaklqana (Orc:2)
  2 eleionomae
  The ghost of Ofekhlai the Protected, a journeyman AtFi of Makhleb (Lair:4)
  8 bunyips
  A minotaur (Gauntlet)
  8 vault guards (D:13)
  2 salamander tyrants
  17 hydras
  A great orb of eyes (Vaults:1)
  2 ogre magi (Orc:2)
  2 ghost crabs (Swamp:4)
  5 boulder beetles
  8 alligators
  5 centaur warriors
  6 anacondas
  11 two-headed ogres
  An ironbound frostheart (Vaults:1)
  Urug (Lair:1)
  A vampire mage (Lair:2)
  11 shock serpents
  13 naga warriors
  14 naga sharpshooters
  3 tengu warriors (D:15)
  6 spriggans
  Lodul (D:10)
  5 salamander mystics (Snake:4)
  6 spriggan druids
  6 goliath frogs
  2 sea snakes (Snake:1)
  9 deep trolls
  6 naga ritualists
  4 bog bodies
  8 mana vipers
  An orc knight (Orc:2)
  An arcanist (Vaults:1)
  13 swamp dragons
  An ironbound convoker (Vaults:1)
  2 obsidian bats (Orc:1)
  18 ugly things
  9 cyclopes
  An oklob plant (Lair:3)
  4 will-o-the-wisps
  3 manticores
  An orc sorcerer (Orc:1)
  23 black mambas
  3 elephants (Lair:1)
  9 salamanders
  2 guardian serpents
  15 naga magi
  2 kobold blastminers (Orc:2)
  A gargoyle (D:11)
  Maggie (Lair:1)
  A rust devil (Gauntlet)
  Jeremiah (D:9)
  12 cane toads
  A minotaur zombie (Gauntlet)
  2 rime drakes
  A kobold demonologist (D:11)
  3 red devils (Orc:2)
  2 yaktaurs (Vaults:1)
  12 komodo dragons
  A tengu conjurer (D:15)
  9 trolls
  A polar bear (Lair:4)
  2 hornets
  6 tyrant leeches
  A dream sheep (Lair:4)
  7 blink frogs
  12 slime creatures
  A ynoxinul (Gauntlet)
  34 yaks
  A vampire (D:12)
  3 wraiths
  4 basilisks
  5 wyverns
  A human (Lair:2)
  2 wargs
  7 hogs (Lair:3)
  A steam dragon (D:8)
  14 vampire mosquitoes
  19 swamp worms
  31 nagas
  2 acid dragons (D:11)
  6 water moccasins
  12 swamp drakes
  An ice beast (D:6)
  A sky beast (D:7)
  13 orc warriors
  A black bear (D:7)
  2 laughing skulls (D:13)
  24 ogres
  16 centaurs
  3 phantoms
  7 kobold brigands
  6 bullfrogs
  A gnoll sergeant (D:10)
  A scorpion (D:4)
  12 killer bees
  2 electric eels
  2 howler monkeys
  2 lava snakes (Lair:2)
  11 orc priests
  A bombardier beetle (D:6)
  3 hounds
  2 iron imps (Gauntlet)
  2 gnoll boudas
  A sleepcap (D:8)
  5 iguanas
  16 orc wizards
  15 gnolls
  10 adders
  3 river rats (Sewer)
  3 white imps
  4 ufetubi (D:6)
  2 dart slugs (D:1)
  A ribbon worm (D:4)
  46 orcs
  12 ball pythons
  10 endoplasms
  5 giant cockroaches
  3 goblins
  6 hobgoblins
  7 jackals
  2 quokkas
  2 bats
  4 frilled lizards (D:1)
  24 kobolds
  9 rats
  A spectral kobold (D:4)
  2 spectral weapons
838 creatures vanquished.

Vanquished Creatures (others)
  A hydra (Swamp:2)
  A naga sharpshooter (Snake:1)
  A swamp dragon (Swamp:4)
  2 bloated husks
  19 foxfires
  3 spectral weapons (Orc:2)
27 creatures vanquished.

Grand Total: 865 creatures vanquished

Notes
Turn   | Place    | Note
-------+----------+-------------------------------------------
     0 | D:1      | Autsider the Minotaur Fighter began the quest for the Orb.
     0 | D:1      | Reached XP level 1. HP: 19/19 MP: 0/0
   143 | D:1      | Reached XP level 2. HP: 24/27 MP: 1/1
   169 | D:1      | Reached skill level 3 in Axes
   240 | D:1      | Found a faded altar of an unknown god.
   637 | D:1      | Reached XP level 3. HP: 31/33 MP: 2/2
   984 | D:2      | Identified the amulet "Putrua" {Reflect rCorr Int-2 Dex+7
                  | SH+5 Stlth-}
  1651 | D:3      | Reached XP level 4. HP: 40/40 MP: 3/3
  1937 | D:3      | Found an ornate altar of the Wu Jian Council.
  2351 | D:4      | Reached skill level 4 in Axes
  2362 | D:3      | Reached XP level 5. HP: 15/47 MP: 4/4
  2565 | D:4      | Reached skill level 5 in Axes
  2624 | D:4      | Reached XP level 6. HP: 49/55 MP: 5/5
  2743 | D:4      | Found a glowing drain.
  2750 | Sewer    | Entered a sewer
  2894 | Sewer    | Reached skill level 5 in Armour
  2903 | Sewer    | Reached skill level 5 in Fighting
  2903 | Sewer    | Reached skill level 5 in Shields
  3262 | Sewer    | Reached skill level 6 in Axes
  3311 | Sewer    | Reached XP level 7. HP: 46/61 MP: 6/6
  3864 | D:4      | Found a hazy altar of Hepliaklqana.
  4060 | D:5      | Entered Level 5 of the Dungeon
  4067 | D:4      | Reached skill level 7 in Axes
  4212 | D:5      | Reached XP level 8. HP: 70/70 MP: 7/7
  4700 | D:5      | Reached skill level 8 in Axes
  5301 | D:6      | Reached skill level 9 in Axes
  5363 | D:6      | Found Ikucaqe Ziug's Assorted Antiques.
  5368 | D:6      | Bought a black potion for 19 gold pieces
  5368 | D:6      | Bought a grey potion for 19 gold pieces
  5368 | D:6      | Bought a scroll labelled COSO REEZXOT for 22 gold pieces
  5368 | D:6      | Bought a potion of curing for 66 gold pieces
  5706 | D:7      | Reached XP level 9. HP: 73/79 MP: 8/8
  6100 | D:7      | Found a staircase to the Ecumenical Temple.
  6111 | Temple   | Entered the Ecumenical Temple
  6122 | Temple   | Became a worshipper of Warmaster Okawaru
  6379 | D:7      | Found a radiant altar of Vehumet.
  6503 | D:7      | Reached skill level 10 in Axes
  6953 | D:8      | Reached * piety under Okawaru
  7114 | D:8      | Found a bloodstained altar of Trog.
  7138 | D:8      | Found an opulent altar of Gozag.
  7180 | D:8      | Found a staircase to the Lair.
  7594 | D:9      | Noticed Jeremiah
  7610 | D:9      | Killed Jeremiah
  7610 | D:9      | Reached ** piety under Okawaru
  7611 | D:9      | Reached skill level 11 in Axes
  7722 | D:9      | Noticed a troll
  7737 | D:9      | Killed a troll
  7738 | D:9      | Reached XP level 10. HP: 40/90 MP: 9/9
  8603 | D:10     | Entered Level 10 of the Dungeon
  8701 | D:10     | Found a staircase to the Orcish Mines.
  8797 | D:10     | Found a sparkling altar of Nemelex Xobeh.
  8859 | D:10     | Noticed Lodul
  8889 | D:10     | Killed Lodul
  8889 | D:10     | Reached *** piety under Okawaru
  8890 | D:10     | Reached skill level 12 in Axes
  9170 | D:10     | Found an ancient bone altar of Kikubaaqudgha.
  9197 | D:10     | Reached **** piety under Okawaru
  9307 | D:10     | Found Ubor's Distillery.
  9315 | D:10     | Bought a potion of lignification for 48 gold pieces
  9315 | D:10     | Bought a potion of heal wounds for 80 gold pieces
  9315 | D:10     | Bought a potion of heal wounds for 80 gold pieces
  9624 | D:10     | Bought a potion of might for 64 gold pieces
  9624 | D:10     | Bought a potion of might for 64 gold pieces
  9677 | D:11     | Noticed a purple ugly thing
  9689 | D:11     | Killed a purple ugly thing
  9841 | D:11     | Noticed a smoke demon
 10044 | D:11     | Reached skill level 13 in Axes
 10044 | D:11     | Reached skill level 1 in Invocations
 10044 | D:11     | Reached XP level 11. HP: 99/99 MP: 10/10
 10156 | D:11     | Reached skill level 10 in Armour
 10172 | D:11     | Reached skill level 10 in Shields
 10176 | D:11     | Noticed a two-headed ogre
 10289 | D:11     | Killed a two-headed ogre
 10289 | D:11     | Reached ***** piety under Okawaru
 10290 | D:11     | Reached skill level 10 in Fighting
 10545 | D:11     | Noticed a boulder beetle
 10595 | D:11     | Killed a boulder beetle
 10782 | D:11     | Noticed a two-headed ogre
 10786 | D:11     | Killed a two-headed ogre
 11190 | Lair:1   | Entered Level 1 of the Lair of Beasts
 11350 | Lair:1   | Noticed Maggie
 11389 | Lair:1   | Reached skill level 14 in Axes
 11389 | Lair:1   | Reached skill level 1 in Throwing
 11393 | Lair:1   | Killed Maggie
 11393 | Lair:1   | Received a gift from Okawaru
 11647 | Lair:1   | Noticed Urug
 11670 | Lair:1   | Killed Urug
 11766 | Lair:1   | Found a dark tunnel.
 11779 | Volcano  | Entered a volcano
 11848 | Lair:1   | HP: 5/101 [blink frog (12)]
 12927 | Lair:2   | Reached XP level 12. HP: 108/108 MP: 14/14
 12936 | Lair:2   | Received a gift from Okawaru
 12952 | Lair:2   | Reached skill level 5 in Invocations
 13091 | Lair:2   | Found a gate leading to a gauntlet.
 13106 | Gauntlet | Entered a Gauntlet
 13106 | Gauntlet | Found a transporter.
 13106 | Gauntlet | Found a transporter.
 13106 | Gauntlet | Found a transporter.
 13133 | Gauntlet | Found a transporter.
 13136 | Gauntlet | Found a transporter.
 13143 | Gauntlet | Found a runed translucent door.
 13146 | Gauntlet | Found a transporter.
 13147 | Gauntlet | Found a transporter.
 13158 | Gauntlet | Found a transporter.
 13173 | Gauntlet | Found a transporter.
 13182 | Gauntlet | Noticed a quicksilver ooze
 13191 | Gauntlet | Found a transporter.
 13194 | Gauntlet | Found a transporter.
 13204 | Gauntlet | Found a transporter.
 13334 | Gauntlet | Killed a quicksilver ooze
 13462 | Gauntlet | Identified the ring of Duatasm {rN++ Will++ Int+6}
 13462 | Gauntlet | Noticed a minotaur
 13472 | Gauntlet | Killed a minotaur
 13473 | Gauntlet | Reached skill level 15 in Axes
 13764 | Lair:2   | Received a gift from Okawaru
 14050 | Lair:2   | Found a runed translucent door.
 14111 | Lair:2   | Noticed a vampire mage
 14119 | Lair:2   | Killed a vampire mage
 14125 | Lair:2   | Identified the +9 hand axe of Muryle {drain, Dex+3}
 14311 | Lair:2   | Found a staircase to the Snake Pit.
 14524 | Lair:3   | Noticed Kirke
 14535 | Lair:3   | Killed Kirke
 14537 | Lair:3   | Received a gift from Okawaru
 14899 | Lair:3   | Noticed a seven-headed hydra
 14907 | Lair:3   | Killed an eight-headed hydra
 14913 | Lair:3   | Reached XP level 13. HP: 102/117 MP: 17/17
 15513 | Lair:3   | Received a gift from Okawaru
 15514 | Lair:3   | Reached skill level 16 in Axes
 16188 | Lair:3   | Found a staircase to the Swamp.
 16338 | Lair:4   | Reached skill level 5 in Throwing
 16655 | Lair:4   | Noticed Ofekhlai's ghost (journeyman AtFi)
 16664 | Lair:4   | Found a runed translucent gate.
 16664 | Lair:4   | Found a runed translucent gate.
 16737 | Lair:4   | Found a runed translucent gate.
 17107 | Lair:4   | Killed Ofekhlai's ghost
 17323 | D:12     | Received a gift from Okawaru
 17842 | D:12     | Identified the ring "Muanunte" {*Slow rC++ rCorr Str+3
                  | Int+6}
 18156 | D:13     | Found a gate to the Vaults.
 18192 | D:13     | Reached skill level 1 in Evocations
 18211 | D:13     | Reached skill level 17 in Axes
 18592 | D:13     | Reached XP level 14. HP: 127/127 MP: 19/19
 18598 | D:13     | Found Fuidghish's Jewellery Shop.
 18852 | D:14     | Found Ogekhluq's Jewellery Boutique.
 18866 | D:14     | You fall into a shaft and drop 1 floor!
 18866 | D:15     | Entered Level 15 of the Dungeon
 19100 | D:14     | Received a gift from Okawaru
 20223 | D:15     | Received a gift from Okawaru
 20242 | D:15     | Reached skill level 18 in Axes
 20624 | D:15     | Found a glowing golden altar of the Shining One.
 20907 | D:15     | Found a staircase to the Depths.
 20907 | D:15     | Noticed a stone giant
 20917 | D:15     | Killed a stone giant
 21081 | Orc:1    | Entered Level 1 of the Orcish Mines
 21187 | Orc:2    | Entered Level 2 of the Orcish Mines
 21402 | Orc:2    | Found Kuodoih's Armour Emporium.
 21702 | Orc:2    | Received a gift from Okawaru
 21818 | Orc:2    | Reached skill level 5 in Evocations
 21829 | Orc:2    | Reached XP level 15. HP: 134/138 MP: 20/20
 21857 | Orc:2    | Found Woat's Jewellery Shoppe.
 21866 | Orc:2    | Found Dadduure's Assorted Antiques.
 22105 | Orc:2    | Found Oleric's Weapon Emporium.
 22114 | Orc:2    | Bought 2 datura-tipped darts for 27 gold pieces
 22121 | Orc:2    | Bought a scroll of brand weapon for 304 gold pieces
 22121 | Orc:2    | Bought a scroll of identify for 64 gold pieces
 22121 | Orc:2    | Bought a scroll of identify for 64 gold pieces
 22121 | Orc:2    | Bought a scroll of identify for 64 gold pieces
 22121 | Orc:2    | Bought a scroll of identify for 64 gold pieces
 22133 | Orc:2    | Bought the ring "Zoukkele" {rN+ Str+2 Int+2 Slay+4} for 556
                  | gold pieces
 22217 | Orc:2    | Found a staircase to the Elven Halls.
 22382 | Orc:2    | Found a runed translucent door.
 22383 | Orc:2    | Noticed Konar's ghost (journeyman CoHu)
 22586 | Orc:2    | Killed Konar's ghost
 22594 | Orc:2    | Identified the +4 sling of Perversion {heavy, rPois rF-
                  | Int+6 Dex+3}
 22644 | Orc:1    | Reached ****** piety under Okawaru
 22804 | Orc:1    | Received a gift from Okawaru
 22831 | Orc:1    | Found a runed translucent gate.
 22831 | Orc:1    | Found a runed translucent gate.
 22831 | Orc:1    | Found a runed translucent gate.
 22844 | Orc:1    | Noticed Vupaekk's ghost (journeyman DsEE)
 23049 | Orc:1    | Found an iron altar of Okawaru.
 23051 | Orc:1    | Acquired a +6 broad axe of freezing
 23051 | Orc:1    | Received a gift from Okawaru
 23057 | Orc:1    | Acquired the +7 plate armour "Luebbi Game" {rPois rC+
                  | Regen+ Stlth+}
 23057 | Orc:1    | Received a gift from Okawaru
 23290 | Snake:1  | Entered Level 1 of the Snake Pit
 24199 | Snake:2  | Noticed a nagaraja
 24219 | Snake:2  | Killed a nagaraja
 24219 | Snake:2  | Received a gift from Okawaru
 24320 | Snake:2  | Reached skill level 15 in Fighting
 24361 | Snake:2  | Noticed a nagaraja
 24371 | Snake:2  | Killed a nagaraja
 24371 | Snake:2  | Received a gift from Okawaru
 24435 | Snake:2  | Reached skill level 15 in Armour
 24680 | Snake:2  | You fall into a shaft and drop 1 floor!
 24851 | Snake:3  | Found Caib Fao's Magic Scroll Shop.
 24854 | Snake:3  | Found Veifaeq's Assorted Antiques.
 24879 | Snake:3  | Reached skill level 15 in Shields
 24968 | Snake:3  | Found Lecuq's Magic Scroll Shop.
 24988 | Snake:3  | Bought a scroll of acquirement for 676 gold pieces
 24988 | Snake:3  | Bought a scroll of enchant weapon for 97 gold pieces
 25008 | Snake:3  | Noticed a nagaraja
 25014 | Snake:3  | Killed a nagaraja
 25049 | Snake:3  | Reached XP level 16. HP: 149/149 MP: 21/21
 25388 | Snake:3  | Received a gift from Okawaru
 25853 | Snake:4  | Entered Level 4 of the Snake Pit
 26081 | Snake:4  | Noticed Louise
 26119 | Snake:4  | Killed Louise
 26251 | Snake:4  | Received a gift from Okawaru
 26529 | Snake:4  | Received a gift from Okawaru
 26540 | Snake:4  | Reached skill level 10 in Invocations
 26632 | Snake:4  | Got a serpentine rune of Zot
 26708 | Snake:4  | Noticed Asterion
 26724 | Snake:4  | Killed Asterion
 26928 | Snake:4  | Found Mowaluohe's Antique Armour Boutique.
 26933 | Snake:4  | Bought a pair of slimy boots for 304 gold pieces
 26933 | Snake:4  | Identified the +1 pair of boots of Tipadghin {rPois rC+
                  | Str+3 Dex+2} (You bought it in a shop on level 4 of the
                  | Snake Pit)
 27379 | Swamp:1  | Entered Level 1 of the Swamp
 27540 | Swamp:1  | Reached XP level 17. HP: 158/158 MP: 23/23
 27929 | Swamp:1  | Received a gift from Okawaru
 28144 | Swamp:2  | Identified the +4 scimitar "Oreoner" {pain, ^Fragile rPois
                  | Str+6 Stlth+}
 28502 | Swamp:3  | Received a gift from Okawaru
 28631 | Swamp:3  | Noticed Donald
 28644 | Swamp:3  | Killed Donald
 28962 | Swamp:3  | Noticed Mlioglotl
 28982 | Swamp:3  | Killed Mlioglotl
 29100 | Swamp:4  | Entered Level 4 of the Swamp
 29192 | Swamp:4  | Noticed Mara
 29194 | Swamp:4  | Noticed a tentacled monstrosity
 29196 | Swamp:4  | Received a gift from Okawaru
 29204 | Swamp:4  | Killed a tentacled monstrosity
 29207 | Swamp:4  | Noticed Autsider's illusion
 29220 | Swamp:4  | Killed Mara
 29278 | Swamp:4  | Noticed the 27-headed Lernaean hydra
 29298 | Swamp:4  | Killed the 27-headed Lernaean hydra
 29441 | Swamp:4  | Received a gift from Okawaru
 29547 | Swamp:4  | Got a decaying rune of Zot
 29604 | Swamp:4  | Identified the +0 chain mail "Bufui" {rCorr Stlth+}
 29729 | Swamp:4  | Reached skill level 10 in Throwing
 30310 | Orc:2    | Bought a ring of protection from fire for 250 gold pieces
 30449 | Vaults:1 | Entered Level 1 of the Vaults
 30554 | Vaults:1 | Reached XP level 18. HP: 170/170 MP: 18/25
 30576 | Vaults:1 | Received a gift from Okawaru
 30595 | Vaults:1 | Noticed Zenata
 30621 | Vaults:1 | Slain by a +1 glaive of freezing

Illustrated notes

Levels and vault maps discovered:
D:1:      erik_arrival_orb_chamber, layout_loops_ring,
          ebering_ecumenical_altar_mist
D:2:      layout_basic
D:3:      minmay_wonky_spiral, layout_basic, nzn_wu_jian_contemplation,
          corexii_hall_statues_l, corexii_leaking_fountain, serial_bayou_lake_a
D:4:      layout_cave_pools, nicolae_hepliaklqana_monster_ancestors,
          mainiacjoe_sewer_entry_somewhere_in_here_2
D:5:      layout_cave_pools
D:6:      layout_basic, serial_shops, kennysheep_little_box,
          kennysheep_another_room, wad_floor_pattern_untrapped
D:7:      layout_gridville, lemuel_coloured_pillars_altar,
          minmay_temple_entry_statues_pillars
D:8:      layout_basic, mainiacjoe_overflow_catch_the_wave,
          nicolae_figureground_pulse
D:9:      layout_loops_ring, uniq_jeremiah
D:10:     layout_loops_ring, nicolae_kikubaaqudgha_miasma_corner,
          nemelex_xobeh_ov_fountains_minmay, orc_0_dummy, serial_shops, shop,
          hangedman_glass_teeth, uniq_lodul
D:11:     layout_long_grid, kennysheep_generic_room_2
D:12:     layout_basic
D:13:     layout_rooms, erik_vaults_2, nicolae_stop_n_shop_1,
          chequers_serial_rivers_room_b
D:14:     layout_stronghold, nrook_uturn, serial_shops,
          nicolae_shop_hallway_plus, evilmike_butchery
D:15:     grunt_enter_depths_snipers, layout_cave_pools, tso_metal_star
Temple:   hellmonk_temple_of_storms
Lair:1:   layout_layer_cave, nicolae_volcano_entry_hallway, uniq_maggie,
          uniq_urug
Lair:2:   layout_regular_city, nicolae_snake_entry_warm_welcome,
          gauntlet_entry_generic, pdpol_lair_neglected_garden,
          pdpol_lair_cabin_in_the_woods
Lair:3:   layout_gridlike, palyth_hydra_swamp_entry,
          chequers_serial_rivers_marsh, chequers_serial_rivers_micro_d,
          minmay_lair_oklob_bushes, uniq_kirke
Lair:4:   layout_regular_city, gammafunk_ghost_split
Swamp:1:  layout_falls_marsh, evilmike_swamp_ruin_house_6,
          nicolae_swamp_bunyip_nook
Swamp:2:  layout_basic_swamp, evilmike_swamp_ruin_house_3,
          infiniplex_staircase_pool_2
Swamp:3:  layout_basic_swamp, evilmike_swamp_ruin_rubble_2, swamp_pool_4,
          infiniplex_staircase_pool, uniq_mlioglotl, uniq_donald
Swamp:4:  swamp_old_school, layout_basic_swamp, uniq_mara
Snake:1:  layout_misc_corridors, serial_bayou_shore_b, serial_bayou_shore_b,
          serial_bayou_shore_a
Snake:2:  layout_rooms
Snake:3:  layout_concentric_octagons, grunt_ministairs_10, minmay_shop_star
Snake:4:  snake_pit, layout_onion, serial_shops,
          nicolae_shop_tiny_real_fake_doors, uniq_asterion, uniq_louise
Orc:1:    layout_caves, gammafunk_ghost_fury_of_okawaru
Orc:2:    st_orc_open, layout_diamond_mine, ebering_ghost_reflecting_pool,
          einodemon_armed_red_devil_minivault
Vaults:1: vaults_dpeg_ring, nicolae_vaults_double_plus_1, v_pattern_5,
          nicolae_vaults_turnstiles, nicolae_vaults_security_offices_3,
          nicolae_vaults_border_crossing, nicolae_vaults_little_squares_6,
          nicolae_vaults_diagonal_hallway_8, nicolae_vaults_theta,
          grunt_vaults_swirl, nicolae_vaults_alarming, v_misc_4,
          ontoclasm_vaults_ring_square, grunt_vaults_hallway_short,
          layout_vaults_maze_snakey, serial_shops, shop_statue, uniq_zenata

Skill      XL: |  1  2  3  4  5  6  7  8  9 10 11 12 13 14 15 16 17 |
---------------+----------------------------------------------------+-----
Axes           | 3 4 5 6 7 9 11 13 14 15 17 18 | 18.0
Shields        | 4 5 6 7 8 9 10 11 12 13 15 16 17 | 17.4
Fighting       | 4 5 6 7 8 9 10 11 12 14 15 16 17 | 17.5
Armour         | 4 5 6 7 8 9 10 11 12 14 15 16 17 | 17.4
Invocations    | 1 4 7 8 9 10 11 | 11.8
Throwing       | 2 4 5 6 8 10 | 10.0
Evocations     | 1 5 6 8 |  8.0

Action                     |  1- 3 |  4- 6 |  7- 9 | 10-12 | 13-15 | 16-18 || total
---------------------------+-------+-------+-------+-------+-------+-------++-------
  Melee: War axe           |    95 |   175 |   291 |   458 |    33 |       ||  1052
         Headbutt          |     7 |    19 |    61 |   120 |   183 |   161 ||   551
         Broad axe         |       |       |       |       |   722 |   636 ||  1358
  Throw: Boomerang         |       |       |       |     6 |    13 |       ||    19
         Javelin           |       |       |       |       |       |     7 ||     7
 Invoke: Heroism           |       |       |       |     5 |     6 |     6 ||    17
         Finesse           |       |       |       |     2 |     3 |     5 ||    10
         Receive Weapon    |       |       |       |       |     1 |       ||     1
         Receive Armour    |       |       |       |       |     1 |       ||     1
  Evoke: Wand              |       |       |       |     2 |       |       ||     2
    Use: Scroll            |       |     2 |     7 |     7 |    20 |     5 ||    41
         Potion            |       |     1 |       |     3 |     2 |     4 ||    10
   Stab: Sleeping          |       |       |       |       |     1 |       ||     1
 Armour: Scale mail        |    73 |   111 |   175 |   211 |       |       ||   570
         Chain mail        |       |       |       |    34 |    61 |       ||    95
         Skin              |       |       |       |     2 |       |       ||     2
         Shadow dragon sca |       |       |       |       |   168 |       ||   168
         Plate armour      |       |       |       |       |   159 |   543 ||   702
  Dodge: Dodged            |    43 |    44 |    87 |    96 |   121 |   115 ||   506
         Repelled          |       |       |       |     1 |    33 |    53 ||    87
  Block: Buckler           |    24 |   121 |   167 |    33 |       |       ||   345
         Reflection        |       |     2 |     3 |    12 |    85 |    57 ||   159
         Kite shield       |       |       |       |   301 |   590 |   700 ||  1591

Table legend: (Time is in decaauts)
 A = Elapsed time spent in this place.
 B = Non-inter-level travel time spent in this place.
 C = Inter-level travel time spent in this place.
 D = Time resting spent in this place.
 E = Time spent auto-exploring this place.
 F = Levels seen in this place.
 G = Mean time per level.
                   A        B        C        D        E       F      G
               +--------+--------+--------+--------+--------+-----+--------+
         Total |  30804 |  28641 |   2163 |   2511 |  20916 |  34 |  906.0 |
       Dungeon |  14524 |  13460 |   1064 |    668 |  10822 |  15 |  968.3 |
        Temple |     22 |     11 |     11 |      0 |      0 |   1 |   22.0 |
          Lair |   5821 |   5329 |    492 |    435 |   4047 |   4 | 1455.2 |
         Swamp |   2746 |   2535 |    211 |    175 |   1677 |   4 |  686.5 |
     Snake Pit |   3902 |   3719 |    183 |    377 |   2501 |   4 |  975.5 |
  Orcish Mines |   2070 |   1870 |    200 |    600 |    930 |   2 | 1035.0 |
        Vaults |    142 |    142 |      0 |     33 |     45 |   1 |  142.0 |
         Sewer |    995 |    995 |      0 |      0 |    730 |   1 |  995.0 |
       Volcano |     66 |     66 |      0 |     26 |      8 |   1 |   66.0 |
      Gauntlet |    511 |    511 |      0 |    196 |    153 |   1 |  511.0 |
               +--------+--------+--------+--------+--------+-----+--------+

Top non-repeatable levels by time:
  Lair:3: 1755 daAuts
  Lair:1: 1712 daAuts
  Lair:2: 1498 daAuts
    D:11: 1434 daAuts
    D:10: 1326 daAuts
 Snake:3: 1300 daAuts
   Orc:2: 1255 daAuts
 Snake:4: 1199 daAuts
    D:14: 1193 daAuts
     D:9: 1098 daAuts
     D:8: 1034 daAuts
   Sewer: 995 daAuts
 Swamp:4: 988 daAuts
     D:2: 987 daAuts
     D:7: 983 daAuts
